 Dungeon Crawl Stone Soup version 0.21.0-3-g78d12a8bdd (webtiles) character file.

7 Phantomfrettchen the Insei (level 2, -1/18 HPs)
             Began as an Octopode Transmuter on Jan 9, 2018.
             Slain by an ooze (3 damage)
             ... on level 1 of the Dungeon.
             The game lasted 00:01:23 (315 turns).

Phantomfrettchen the Insei (Octopode Transmuter)     Turns: 315, Time: 00:01:23

Health: -1/18      AC:  1    Str:  9    XL:     2   Next: 0%
Magic:  5/5        EV: 13    Int: 15    God:
Gold:   30         SH:  2    Dex: 12    Spells: 4/5 levels left

rFire    . . .     SeeInvis .     - Unarmed
rCold    . . .     Gourm    .   (no shield)
rNeg     . . .     Faith    .   (helmet restricted)
rPois    .         Spirit   .   d - +2 amulet of reflection
rElec    .         Reflect  +   (no ring)
rCorr    .         Harm     .   (no ring)
MR       .....                  (no ring)
Stlth    +++.......             (no ring)
HPRegen  0.06/turn              (no ring)
MPRegen  0.09/turn              (no ring)
                                (no ring)
                                (no ring)

@: no status effects
A: almost no armour, stealthy swim, amphibious, 8 rings, constrict 8, camouflage
1, gelatinous body 1
a: no special abilities


You were on level 1 of the Dungeon.
You were not hungry.

You visited 1 branch of the dungeon, and saw 1 of its levels.

You collected 30 gold pieces.

Inventory:

Missiles
 a - 32 arrows
 e - 15 stones (quivered)
Jewellery
 d - a +2 amulet of reflection (around mantle)
Scrolls
 h - 4 scrolls of remove curse {unknown}
 i - a scroll of enchant weapon {unknown}
Potions
 g - a potion of cancellation {unknown}
Books
 b - a book of Changes

   Spells                             Type                      Level
   a - Beastly Appendage              Transmutation                1
   b - Sticks to Snakes               Transmutation                2
   c - Spider Form                    Transmutation/Poison         3
   d - Ice Form                       Ice/Transmutation            4
   e - Blade Hands                    Transmutation                5
Comestibles
 c - a ration
 f - 4 chunks of flesh


   Skills:
 + Level 1.0 Fighting
 + Level 2.0 Dodging
 + Level 1.1 Stealth
 + Level 3.0 Unarmed Combat
 + Level 2.2 Spellcasting
 + Level 2.0 Transmutations


You had 4 spell levels left.
You knew the following spells:

 Your Spells              Type           Power        Failure   Level  Hunger
a - Beastly Appendage     Tmut           #.....       10%         1    #......


Dungeon Overview and Level Annotations

Branches:
Dungeon (1/15)

Altars:


Innate Abilities, Weirdness & Mutations

You cannot wear most types of armour.
You are very stealthy in the water. (Stealth+)
You are amphibious.
You can wear up to eight rings at the same time.
You can use your tentacles to constrict eight enemies at once.
Your skin changes colour to match your surroundings (Stealth+).
Your rubbery body absorbs attacks. (AC +1, EV +1)


Message History

An ooze comes into view.
The ooze quivers.
You tentacle-slap the goblin but do no damage.
Your grab misses the goblin. You tentacle-slap the goblin.
The goblin is severely wounded.
You block the ooze's attack. The goblin misses you.
You miss the goblin. Your grab misses the goblin. You squeeze the goblin.
You kill the goblin!
You have reached level 2!
The ooze hits you but does no damage.
You tentacle-slap the ooze. You squeeze the ooze!
The ooze is severely wounded.
The ooze hits you but does no damage.
You tentacle-slap the ooze.
The ooze is almost dead.
The ooze closely misses you.
You tentacle-slap the ooze but do no damage.
The ooze is almost dead.
The ooze hits you.
You die...

### ##.. #... #...
#..J##### #...@...##
#(.#..#....#
.....#.######
#.##.##.#.8#.#######
# .. #.#..........#
###
#.#...8..8..8####
#.#<.....)...'...
#.#...8..8..8###.
#.#..........# #.


You could see an ooze.

Vanquished Creatures
  2 goblins (D:1)
  2 hobgoblins (D:1)
  A bat (D:1)
  A kobold (D:1)
6 creatures vanquished.

Notes
Turn   | Place    | Note
-------+----------+-------------------------------------------
     0 | D:1      | Phantomfrettchen the Octopode Transmuter began the quest for the Orb.
     0 | D:1      | Reached XP level 1. HP: 13/13 MP: 3/3
   307 | D:1      | Reached skill level 1 in Stealth
   312 | D:1      | Reached XP level 2. HP: 1/18 MP: 5/5
   315 | D:1      | Slain by an ooze

Skill      XL: |  1 |
---------------+----+-----
Stealth        | 1 |  1.1
Fighting       | |  1.0
Dodging        | |  2.0
Unarmed Combat | |  3.0
Spellcasting   | |  2.2
Transmutations | |  2.0

Action                   || total
-------------------------++-------
Melee: Unarmed           ||    21
       Constrict         ||     4
       Tentacles         ||     3
       Punch             ||     1
 Stab: Sleeping          ||     1
Armor: Skin              ||     5
Dodge: Dodged            ||    15
Block: Other             ||     3
